 Dungeon Crawl Stone Soup version 0.28.0-62-gf88900778d (webtiles) character file.

Game seed: 2583299078884925609

23818 Baz the Fighter (level 13, -2/154 HPs)
             Began as a Djinni Fire Elementalist on Mar 11, 2023.
             Was a Priest of Makhleb.
             Slain by a death yak (17 damage)
             ... on level 3 of the Lair of Beasts.
             The game lasted 00:50:15 (17813 turns).

Baz the Fighter (Djinni Fire Elementalist)         Turns: 17813, Time: 00:50:16

Health: -2/154     AC: 26    Str:  7    XL:     13   Next: 38%
Gold:   492        EV:  2    Int: 21    God:    Makhleb [***...] SH:  0 Dex: 15

rFire   + . .      SeeInvis .     - Unarmed
rCold   . . .      Faith    .   (no shield)
rNeg    . . .      Spirit   .   (armour currently unavailable)
rPois   ∞          Reflect  .   (helmet currently unavailable)
rElec   .          Harm     .   (cloak currently unavailable)
rCorr   +          Rampage  .   (gloves currently unavailable)
Will    +....      NoTele   +   (boots unavailable)
Stlth   ++........              (no amulet)
HPRegen 0.35/turn               A - ring of Lyff {rPois rF+ Slay+2}
MPRegen 0.00/turn               K - ring of resist corrosion

@: tree-form
A: stationary, stasis, torment immunity, boosted hp, sickness immunity, (fire
resistance 2), (cold vulnerability 1), float, innate caster, HP casting, extra
vitality 1
a: Renounce Religion, Minor Destruction, Lesser Servant of Makhleb


You were on level 3 of the Lair of Beasts.
You worshipped Makhleb.
Makhleb was most pleased with you.
You were a tree.
You visited 3 branches of the dungeon, and saw 15 of its levels.

You collected 805 gold pieces.
You spent 313 gold pieces at shops.

Inventory:

Missiles
 G - 4 throwing nets
Armour
 o - a +0 troll leather armour (melded)
 x - a +0 pair of gloves (melded)
 F - the +0 cloak of the Lost Leaping Beds (melded) {rElec rPois}
   (You bought it in a shop on level 9 of the Dungeon)

   rElec:     It insulates you from electricity.
   rPois:     It protects you from poison.
 P - a +1 hat of intelligence (melded)
Magical Staves
 L - a staff of cold
 Q - a staff of conjuration
Jewellery
 v - the ring of Polytheism {Contam rPois rN+++ Dex+4}
   (You found it on level 6 of the Dungeon)

   [ring of poison resistance]

   Dex:       It affects your dexterity (+4).
   rPois:     It protects you from poison.
   rN:        It renders you almost immune to negative energy.
   Contam:    It causes magical contamination when unequipped.
 A - the ring of Lyff (left branch) {rPois rF+ Slay+2}
   (You took it off an orc on level 8 of the Dungeon)

   [ring of poison resistance]

   Slay:      It affects your accuracy & damage with ranged weapons and melee
   (+2).
   rF:        It protects you from fire.
   rPois:     It protects you from poison.
 D - a ring of protection from fire
 I - a ring of see invisible
 K - a ring of resist corrosion (right branch)
Wands
 d - a wand of charming (10)
 l - a wand of flame (36)
 J - a wand of acid (7)
 O - a wand of digging (7)
Scrolls
 b - 2 scrolls of silence
 c - a scroll of enchant weapon {unknown}
 e - a scroll of noise {unknown}
 k - a scroll of enchant armour {unknown}
 p - 2 scrolls of fog
 q - 3 scrolls of magic mapping
 r - 2 scrolls of fear
 t - a scroll of summoning
 w - 3 scrolls of teleportation
 B - 2 scrolls of immolation {unknown}
 E - a scroll of brand weapon {unknown}
 H - a scroll of acquirement {unknown}
Potions
 a - 2 potions of lignification
 f - 3 potions of magic {unknown}
 g - 7 potions of curing
 h - 4 potions of degeneration {unknown}
 i - 2 potions of mutation
 m - a potion of flight
 n - 4 potions of haste {unknown}
 s - 2 potions of heal wounds {unknown}
 u - a potion of berserk rage
 z - 2 potions of attraction {unknown}
 C - 3 potions of ambrosia
 M - a potion of might
 N - 2 potions of brilliance


   Skills:
 + Level 13.6 Fighting
 - Level 7.3 Armour
 + Level 6.1 Dodging
 - Level 1.5 Stealth
 * Level 9.2 Unarmed Combat
 + Level 8.3 Spellcasting
 - Level 4.0 Invocations


You couldn't memorise any spells.
You knew the following spells:

 Your Spells              Type           Power      Damage    Failure   Level
a - Foxfire               Conj/Fire      100%       2x1d9     1%          1
b - Scorch                Fire           86%        2d9       1%          2
c - Conjure Flame         Conj/Fire      43%        6-21      1%          3
d - Inner Flame           Hex/Fire       43%        N/A       1%          3
e - Flame Wave            Conj/Fire      43%        2d9       2%          4
f - Magic Dart            Conj           100%       1d8       1%          1
g - Static Discharge      Conj/Air       43%        N/A       1%          2
h - Dazzling Flash        Conj/Hex       86%        N/A       1%          3
i - Ice Form              Ice/Tmut       43%        N/A       2%          4
j - Blade Hands           Tmut           21%        N/A       7%          5
k - Fireball              Conj/Fire      21%        3d10      7%          5
Your spell library was empty.

Dungeon Overview and Level Annotations

Branches:
Dungeon (11/15)            Temple (1/1) D:7            Lair (3/6) D:11
 Shoals (0/4) Lair:3       Spider (0/4) Lair:3          Orc (0/2) D:9

Altars:
Ashenzari
Cheibriados
Dithmenos
Elyvilon
Fedhas
Gozag
Hepliaklqana
Kikubaaqudgha
Makhleb
Nemelex Xobeh
Okawaru
Qazlal
Ru
Sif Muna
Trog
Uskayaw
Vehumet
Wu Jian
Xom
Yredelemnul
Zin
The Shining One

Shops:
D:1 *   D:8 *   D:9 [

Annotations:
D:3 Sigmund
D:8 2 transporters, Gabide's ghost, journeyman BaMo
D:10 3 runed translucent doors, Atelerd's ghost, journeyman OpEE; Lemuel's ghost, journeyman DsHu; NineInchNils's ghost, journeyman TrMo; Venard's ghost, journeyman MiFi; execc's ghost, journeyman OpBe


Innate Abilities, Weirdness & Mutations

You are a tree.
Your roots penetrate the ground, keeping you stationary.
You cannot be teleported.
You are immune to unholy pain and torment.
Your maximum health is greatly increased.
Your equipment is partially melded.
You are immune to sickness and miasma.
You are immune to poison.
((Your flesh is very heat resistant. (rF++)))
((You are vulnerable to cold. (rC-)))
You float through the air rather than walking.
You learn spells naturally, not from books.
Your magical power is your life essence.
You have superior vitality. (+4 MHP)


Message History

Flames lash the death yak but do no damage.
The death yak is engulfed in blazing flames.
The death yak gores you!
* * * LOW HITPOINT WARNING * * *
The death yak is engulfed in blazing flames.
Really quaff the potion of lignification?
You turn into a tree.
The +0 cloak of the Lost Leaping Beds {rElec rPois} melds into your body.
Your +1 hat of intelligence melds into your body.
Your +0 pair of gloves melds into your body.
Your +0 troll leather armour melds into your body.
You feel stupid.
Your roots penetrate the ground.
The death yak is engulfed in blazing flames.
The death yak gores you but does no damage.
The death yak is engulfed in blazing flames.
Unknown command.
Casting: Scorch (safe; 1% risk of failure)
Confirm with . or Enter, or press ? or * to list all spells.
Flames lash the death yak.
The death yak is moderately wounded.
The death yak's fire resistance burns away.
* * * LOW HITPOINT WARNING * * *
The death yak is engulfed in blazing flames.
The death yak gores you!!
* * * LOW HITPOINT WARNING * * *
The death yak is engulfed in blazing flames.
Casting: Scorch (safe; 1% risk of failure)
Confirm with . or Enter, or press ? or * to list all spells.
Flames lash the death yak.
The death yak is burned terribly!
The death yak is severely wounded.
* * * LOW HITPOINT WARNING * * *
The death yak is engulfed in blazing flames.
The death yak gores you but does no damage.
The death yak is engulfed in blazing flames.
Okay, then.
You are now empty-handed.
The death yak is engulfed in blazing flames.
The death yak gores you!
You die...

### #####.###
#######..#P.#.#####
.............#.##.#
.................##
.##.....#.#.#....#
##########..####♣# ##
##.# #Y# .# #..# #Y#
.# #.## #.# ## ##...
... .# #....P .....
.# #.#...........
.#####.........#.##..
.#.#..#.P# #.....#
...


You could see 2 death yaks.

Vanquished Creatures
  Gastronok (Lair:3)
  Harold (D:9)
  2 hydras
  2 two-headed ogres
  4 death yaks
  A deep elf pyromancer (D:9)
  A merfolk siren (Lair:3)
  A manticore (D:10)
  3 elephants
  A black mamba (Lair:3)
  A gargoyle (D:10)
  6 cane toads
  2 komodo dragons
  2 trolls
  A meliai zombie (D:10)
  A shadow (D:10)
  39 yaks
  4 wyverns
  A wraith (D:7)
  Eustachio (D:5)
  3 steam dragons
  A basilisk (Lair:1)
  7 water moccasins
  Duvessa (D:5)
  A hornet zombie (D:5)
  4 orc warriors
  2 black bears
  An ice beast (D:7)
  A necrophage (D:7)
  2 ogres
  A centaur (D:9)
  A phantom (D:5)
  12 bullfrogs
  A scorpion (D:2)
  Dowan (D:5)
  3 killer bees (D:10)
  4 wights
  6 howler monkeys
  3 centaur zombies
  3 jellies
  A bullfrog zombie (D:5)
  7 orc priests
  2 hounds
  A bullfrog skeleton (D:6)
  2 iguanas
  Ijyb (D:3)
  13 orc wizards
  4 howler monkey zombies
  2 howler monkey skeletons (D:7)
  6 adders
  2 river rats (D:3)
  A shadow imp (D:5)
  2 white imps
  3 dart slugs
  23 orcs
  5 endoplasms
  2 giant cockroaches
  12 goblins
  8 hobgoblins
  5 quokkas
  13 ball pythons
  A bat (D:1)
  8 frilled lizards
  8 kobolds
  13 rats
278 creatures vanquished.

Vanquished Creatures (others)
  451 foxfires
  21 fungi
  23 plants
495 creatures vanquished.

Grand Total: 773 creatures vanquished

Notes
Turn   | Place    | Note
-------+----------+-------------------------------------------
     0 | D:1      | Baz the Djinni Fire Elementalist began the quest for the
                  | Orb.
     0 | D:1      | Reached XP level 1. HP: 15/15 MP: 0/0
   187 | D:1      | Reached XP level 2. HP: 15/22 MP: 0/0
   188 | D:1      | Reached skill level 1 in Fighting
   720 | D:1      | Found Jiet Jat's Assorted Antiques.
   812 | D:1      | Reached XP level 3. HP: 24/27 MP: 0/0
   812 | D:1      | Learned a level 1 spell: Magic Dart
  1449 | D:2      | Reached skill level 2 in Fighting
  1496 | D:2      | Found a shadowy altar of Dithmenos.
  1913 | D:2      | Noticed a scorpion
  1922 | D:2      | Killed a scorpion
  1923 | D:2      | Reached XP level 4. HP: 22/34 MP: 0/0
  1923 | D:2      | Reached XP level 5. HP: 26/40 MP: 0/0
  1923 | D:2      | Learned a level 2 spell: Static Discharge
  2282 | D:2      | Reached skill level 3 in Fighting
  2884 | D:3      | Found a glowing silver altar of Zin.
  2924 | D:3      | Noticed Sigmund
  3343 | D:3      | Noticed Ijyb
  3650 | D:3      | Killed Ijyb
  3651 | D:3      | Reached XP level 6. HP: 41/46 MP: 0/0
  4052 | D:4      | Noticed an ogre
  4066 | D:4      | Killed an ogre
  4067 | D:4      | Reached skill level 4 in Fighting
  4067 | D:4      | Reached skill level 1 in Armour
  4349 | D:4      | Noticed a black bear
  4371 | D:4      | Killed a black bear
  4372 | D:4      | Reached XP level 7. HP: 33/53 MP: 0/0
  4372 | D:4      | Learned a level 3 spell: Dazzling Flash
  4925 | D:5      | Entered Level 5 of the Dungeon
  5465 | D:5      | Reached skill level 5 in Fighting
  5869 | D:5      | Noticed a water moccasin
  5889 | D:5      | Killed a water moccasin
  5890 | D:5      | Reached XP level 8. HP: 56/61 MP: 0/0
  6078 | D:5      | Noticed Eustachio
  6098 | D:5      | Killed Eustachio
  6099 | D:5      | Reached skill level 6 in Fighting
  6411 | D:5      | Noticed a yak
  6411 | D:5      | Noticed a yak
  6411 | D:5      | Noticed a yak
  6414 | D:5      | Noticed a yak
  6418 | D:5      | Noticed a yak
  6423 | D:5      | Killed a yak
  6424 | D:5      | Killed a yak
  6425 | D:5      | Reached skill level 7 in Fighting
  6425 | D:5      | Noticed Duvessa
  6428 | D:5      | Killed a yak
  6429 | D:5      | Reached XP level 9. HP: 37/68 MP: 0/0
  6429 | D:5      | Learned a level 4 spell: Ice Form
  6430 | D:5      | Noticed Dowan
  6802 | D:6      | Reached skill level 8 in Fighting
  6877 | D:6      | Reached skill level 5 in Spellcasting
  6947 | D:6      | Reached skill level 5 in Armour
  7353 | D:6      | Identified the ring of Polytheism {Contam rPois rN+++
                  | Dex+4}
  7910 | D:5      | Killed Dowan
  7912 | D:5      | Killed Duvessa
  7913 | D:5      | Reached skill level 9 in Fighting
  8148 | D:7      | Identified the +7 arbalest of Gluttony {venom, rElec rF+
                  | Dex+2}
  8280 | D:7      | Reached XP level 10. HP: 69/78 MP: 0/0
  8465 | D:7      | Found a staircase to the Ecumenical Temple.
  8471 | Temple   | Entered the Ecumenical Temple
  8707 | Temple   | Became a worshipper of Makhleb the Destroyer
  9196 | D:7      | Reached skill level 1 in Invocations
  9550 | D:8      | Identified the ring of Lyff {rPois rF+ Slay+2}
  9659 | D:8      | Reached skill level 10 in Fighting
  9974 | D:8      | Reached * piety under Makhleb
 10206 | D:8      | Found a transporter.
 10210 | D:8      | Found a transporter.
 10211 | D:8      | Noticed Gabide's ghost (journeyman BaMo)
 10267 | D:8      | Found Johax's Assorted Antiques.
 11244 | D:9      | Found Ladaxisi's Antique Armour Shoppe.
 11247 | D:9      | Bought a faintly humming cloak for 313 gold pieces
 11247 | D:9      | Identified the +0 cloak of the Lost Leaping Beds {rElec
                  | rPois} (You bought it in a shop on level 9 of the Dungeon)
 11361 | D:9      | Noticed Harold
 11389 | D:9      | Killed Harold
 11390 | D:9      | Reached XP level 11. HP: 20/86 MP: 0/0
 11390 | D:9      | Learned a level 5 spell: Blade Hands
 11497 | D:9      | Found a staircase to the Orcish Mines.
 11518 | D:9      | Reached skill level 11 in Fighting
 11682 | D:9      | Noticed a deep elf pyromancer
 11687 | D:9      | Killed a deep elf pyromancer
 11951 | D:10     | Entered Level 10 of the Dungeon
 12158 | D:10     | Reached skill level 1 in Unarmed Combat
 12594 | D:10     | Reached ** piety under Makhleb
 12693 | D:10     | Found a runed translucent gate.
 12697 | D:10     | Noticed Lemuel's ghost (journeyman DsHu)
 12698 | D:10     | Noticed Atelerd's ghost (journeyman OpEE)
 12698 | D:10     | Noticed Venard's ghost (journeyman MiFi)
 12698 | D:10     | Noticed execc's ghost (journeyman OpBe)
 12698 | D:10     | Noticed NineInchNils's ghost (journeyman TrMo)
 12699 | D:10     | Found a runed translucent gate.
 12699 | D:10     | Found a runed translucent gate.
 12751 | D:10     | Noticed a manticore
 12768 | D:10     | Killed a manticore
 13206 | D:11     | Reached skill level 12 in Fighting
 13247 | D:11     | Noticed a skeletal warrior
 13247 | D:11     | Noticed a skeletal warrior
 13270 | D:11     | Noticed a skeletal warrior
 13270 | D:11     | Found a gate leading to a gauntlet.
 13393 | D:11     | Noticed a two-headed ogre
 13394 | D:11     | Noticed a skeletal warrior
 13566 | D:10     | Killed a two-headed ogre
 13567 | D:10     | Reached XP level 12. HP: 95/95 MP: 0/0
 13736 | D:11     | Reached skill level 5 in Unarmed Combat
 13897 | D:11     | Noticed a skeletal warrior
 13941 | D:11     | Noticed a two-headed ogre
 13949 | D:11     | Killed a two-headed ogre
 13982 | D:11     | Found a staircase to the Lair.
 14007 | Lair:1   | Entered Level 1 of the Lair of Beasts
 14013 | Lair:1   | Reached *** piety under Makhleb
 14718 | Lair:1   | Reached skill level 13 in Fighting
 15192 | Lair:2   | Noticed a seven-headed hydra
 16458 | Lair:3   | Noticed Gastronok
 16472 | Lair:3   | Killed Gastronok
 16554 | Lair:3   | Found a hole to the Spider Nest.
 16833 | Lair:3   | Noticed a six-headed hydra
 16855 | Lair:3   | Noticed a death yak
 16864 | Lair:3   | Reached XP level 13. HP: 103/103 MP: 0/0
 16864 | Lair:3   | Learned a level 5 spell: Fireball
 16881 | Lair:3   | Reached skill level 5 in Dodging
 17136 | Lair:2   | HP: 3/103 [seven-headed hydra (9)]
 17137 | Lair:2   | Killed a seven-headed hydra
 17381 | Lair:3   | Found a staircase to the Shoals.
 17510 | Lair:3   | Killed a six-headed hydra
 17813 | Lair:3   | Slain by a death yak

Illustrated notes

Levels and vault maps discovered:
D:1:      lemuel_arrival_room, layout_rooms, serial_shops,
          nicolae_shop_advertising_works [nicolae_subvault_shop_adworks]
D:2:      layout_basic, basic_altar, minmay_quantized
D:3:      layout_basic, mainiacjoe_overflow_tiny_flanked, portal_sewer_entry_e,
          minmay_surrounded, uniq_ijyb, uniq_sigmund
D:4:      layout_loops_cross
D:5:      layout_rooms, uniq_duvessa, uniq_eustachio
D:6:      layout_rooms
D:7:      layout_loops_ring, temple_green
D:8:      layout_gridville, serial_shops, shop, gammafunk_ghost_hive
D:9:      layout_gridville, orc_0_dummy, serial_shops, kennysheep_mini,
          minmay_misc_feat_cross, roderic_lattice_a, uniq_harold
D:10:     layout_roguey, gammafunk_ghost_cemetery, skrybe_limestone_x,
          st_stairs_7
D:11:     layout_long_grid, grunt_lair_entry_orc_guard_hut, special_room
          [special_room_orc], gauntlet_entry_generic, uniq_erolcha
Temple:   mainiacjoe_temple_hex_bubbles
Lair:1:   layout_cave_pods, infiniplex_staircase_pool_2
Lair:2:   layout_layer_cave, grunt_megastairs_3
Lair:3:   layout_loops_ring, minmay_shoals_entry_lonely_mermaid,
          dummy_spider_entry, uniq_gastronok

Skill      XL: |  1  2  3  4  5  6  7  8  9 10 11 12 13 |
---------------+----------------------------------------+-----
Fighting       | 1 2 3 4 5 7 9 10 12 13 | 13.6
Dodging        | 3 4 6 |  6.1
Spellcasting   | 3 4 5 6 7 8 |  8.3
Armour         | 1 2 4 5 7 |  7.3
Invocations    | 3 4 |  4.0
Unarmed Combat | 4 7 9 |  9.2
Stealth        | |  1.5

Action                   |  1- 3 |  4- 6 |  7- 9 | 10-12 | 13-15 || total
-------------------------+-------+-------+-------+-------+-------++-------
Melee: Unarmed           |     4 |       |       |    81 |    24 ||   109
       Dagger            |    14 |     4 |    26 |     1 |       ||    45
       Punch             |       |       |     1 |       |     1 ||     2
 Cast: Foxfire           |    60 |    46 |    52 |   101 |       ||   259
       Scorch            |     7 |    29 |    62 |   259 |    27 ||   384
       Conjure Flame     |     1 |     3 |     6 |    25 |     7 ||    42
       Magic Dart        |       |     2 |       |     8 |       ||    10
       Static Discharge  |       |       |    22 |     2 |       ||    24
       Flame Wave        |       |       |     1 |     9 |     2 ||    12
       Ice Form          |       |       |       |    11 |       ||    11
       Fireball          |       |       |       |       |    14 ||    14
       Blade Hands       |       |       |       |       |     1 ||     1
  Use: Scroll            |       |     1 |     5 |     8 |       ||    14
       Potion            |       |     1 |       |       |     1 ||     2
 Stab: Sleeping          |       |     1 |     2 |       |       ||     3
Armor: Robe              |     2 |     1 |       |       |       ||     3
       Leather armour    |       |       |    17 |     7 |       ||    24
       Troll leather arm |       |       |       |    27 |     7 ||    34
       Skin              |       |       |       |    18 |    12 ||    30
Dodge: Dodged            |    15 |    11 |    41 |   128 |    31 ||   226
